 Dungeon Crawl Stone Soup version 0.27-a0-323-gbd089401bb (webtiles) character file.

Game seed: 4518646889337971638

182139 dolemite99 the Severer (level 17, 0/219 (240) HPs)
             Began as a Minotaur Fighter on Feb 10, 2021.
             Was the Champion of Ru.
             Drowned by a water elemental (2 damage)
             ... summoned by Heh's ghost
             ... on level 2 of the Shoals on Feb 11, 2021.
             The game lasted 01:06:38 (41625 turns).

dolemite99 the Severer (Minotaur Fighter)          Turns: 41625, Time: 01:06:39

HP:   0/219 (240)   AC: 39    Str: 27    XL:     17   Next: 70%
MP:   10/16         EV:  8    Int: 10    God:    Ru [******]
Gold: 2857          SH: 19    Dex: 14    Spells: 14/16 levels left

rFire    + . .     SeeInvis .   a - +9 broad axe (vorpal)
rCold    . . .     Faith    .   c - +0 kite shield
rNeg     . . .     Spirit   .   x - +9 plate armour {rF+}
rPois    +         Reflect  +   N - +2 hat
rElec    .         Harm     .   v - +2 cloak {rPois}
rCorr    .         Rampage  .   p - +0 pair of gloves of Holliteo {Int+5}
Will     +....                  y - +0 pair of boots of Courage {+Blink Dex+3}
Stlth    ..........             Z - amulet of reflection
HPRegen  0.46/turn              u - +4 ring of protection {=R}
MPRegen  0.15/turn              H - ring of poison resistance

@: mighty, berserking, exhausted, engulfed (cannot breathe), no scrolls,
drained, very quick
A: retaliatory headbutt, horns 2, inability to read while threatened, no
stealth, inability to use devices, hated by all, unskilled 1
a: Renounce Religion, Draw Out Power, Power Leap, Apocalypse


You were on level 2 of the Shoals.
You worshipped Ru.
Ru was exalted by your worship.
You visited 5 branches of the dungeon, and saw 29 of its levels.
You visited the Abyss 1 time.
You also visited: Volcano.

You collected 4053 gold pieces.
You spent 1196 gold pieces at shops.

Inventory:

Hand Weapons
 a - a +9 vorpal broad axe (weapon)
 b - the +4 eveningstar of Departure {vorpal, SInv}
   (You found it on level 6 of the Lair of Beasts)

   It inflicts extra damage upon your enemies.
   It lets you see invisible.
 j - the +9 broad axe "Iziunu Nut" {holy, *Rage rN++}
   (You found it on level 11 of the Dungeon)

   It has been blessed by the Shining One to cause great damage to the undead
   and demons.
   It greatly protects you from negative energy.
   It may make you go berserk in combat.
Missiles
 k - 82 poisoned darts
 o - 4 javelins
 B - 11 curare-tipped darts
 D - 51 boomerangs (quivered)
 T - 2 throwing nets
Armour
 c - a +0 kite shield (worn)
 p - the +0 pair of gloves of Holliteo (worn) {Int+5}
   (You found it on level 15 of the Dungeon)

   It affects your intelligence (+5).
 v - a +2 cloak of poison resistance (worn)
 x - a +9 plate armour of fire resistance (worn)
 y - the +0 pair of boots of Courage (worn) {+Blink Dex+3}
   (You bought it in a shop on level 2 of the Orcish Mines)

   It affects your dexterity (+3).
   It lets you blink.
 L - the +0 pair of boots "Gettaehi" {-Cast rN+ Regen+}
   (You found it on level 13 of the Dungeon)

   It protects you from negative energy.
   It prevents spellcasting.
   It increases your rate of regeneration.
 N - a +2 hat (worn)
Magical Staves
 w - a staff of air
Jewellery
 d - an amulet of guardian spirit
 n - a ring of protection from cold
 u - a +4 ring of protection (left hand) {=R}
 G - an amulet of the acrobat
 H - a ring of poison resistance (right hand)
 M - a ring of protection from cold
 O - a ring of protection from fire
 S - a +6 ring of dexterity
 W - a +4 ring of protection
 Z - an amulet of reflection (around neck)
Wands
 A - a wand of paralysis (32)
Scrolls
 e - 13 scrolls of removedness {@r2}
 f - 14 scrolls of teleportation
 g - 4 scrolls of fear
 i - 4 scrolls of identify {@r1}
 m - a scroll of brand weapon
 q - 4 scrolls of fog
 t - 5 scrolls of magic mapping
 E - 2 scrolls of holy word
 I - 8 scrolls of blinking
 K - a scroll of amnesia
 U - 3 scrolls of immolation
 V - 2 scrolls of noise
 X - 4 scrolls of vulnerability
Potions
 h - 2 potions of ambrosia
 l - a potion of resistance
 r - a potion of berserk rage
 z - 7 potions of lignification
 C - 2 potions of curing
 F - 5 potions of mutation
 J - 9 potions of cancellation
 P - 5 potions of brilliance
 Q - a potion of heal wounds
 R - 4 potions of attraction
 Y - 4 potions of flight


   Skills:
 - Level 16.8 Fighting
 - Level 16.9(18.0) Axes
 - Level 11.2(15.2) Maces & Flails
 - Level 10.3 Throwing
 - Level 15.3 Armour
 - Level 14.8 Shields
 + Level 4.3 Translocations


You had 14 spell levels left.
You knew the following spells:

 Your Spells              Type           Power        Failure   Level
a - Blink                 Tloc           N/A          52%         2

Your spell library contained the following spells:

 Spells                   Type           Power        Failure   Level
 Corona                   Hex            0%           94%         1
 Foxfire                  Conj/Fire      0%           94%         1
 Freeze                   Ice            0%           94%         1
 Magic Dart               Conj           0%           94%         1
 Pain                     Necr           0%           94%         1
 Sandblast                Erth           0%           94%         1
 Portal Projectile        Hex/Tloc       8%           96%         3
 Passwall                 Tmut/Erth      0%           98%         2
 Slow                     Hex            0%           98%         2
 Conjure Flame            Conj/Fire      0%           100%        3
 Frozen Ramparts          Ice            0%           100%        3
 Inner Flame              Hex/Fire       0%           100%        3
 Mephitic Cloud           Conj/Pois/Air  0%           100%        3
 Ozocubu's Armour         Ice            0%           100%        3
 Stone Arrow              Conj/Erth      0%           100%        3
 Vampiric Draining        Necr           0%           100%        3
 Cause Fear               Hex            0%           100%        4
 Hailstorm                Conj/Ice       0%           100%        4
 Leda's Liquefaction      Hex/Erth       0%           100%        4
 Petrify                  Tmut/Erth      0%           100%        4
 Sticky Flame             Conj/Fire      0%           100%        4
 Agony                    Necr           0%           100%        5
 Fireball                 Conj/Fire      0%           100%        5
 Lee's Rapid Deconstruct  Erth           0%           100%        5
 Animate Skeleton         Necr           Unusable     N/A         1
 Call Imp                 Summ           Unusable     N/A         2
 Animate Dead             Necr           Unusable     N/A         4
 Summon Ice Beast         Ice/Summ       Unusable     N/A         4

Dungeon Overview and Level Annotations

Branches:
Dungeon (15/15)            Temple (0/1) D:7            Lair (6/6) D:10
 Shoals (3/4) Lair:4        Snake (3/4) Lair:4        Slime (0/5) Lair:6
    Orc (2/2) D:11            Elf (0/3) Orc:2        Vaults (0/5) D:13
 Depths (0/5) D:15        Volcano (visited)

Altars:
Ashenzari
Cheibriados
Dithmenos
Fedhas
Kikubaaqudgha
Makhleb
Nemelex Xobeh
Ru
Sif Muna
Xom
Beogh
Jiyva

Shops:
D:5 (   D:9 (   D:15 [   Orc:2 ?([(   Shoals:1 *

Portals:
Hell: Lair:6

Annotations:
D:10 1 runed translucent door
Shoals:2 1 transporter, Heh's ghost, adept DsGl


Innate Abilities, Weirdness & Mutations

You reflexively headbutt those who attack you in melee.
You have a pair of horns on your head.
You cannot read scrolls while threatened.
You cannot be stealthy.
You cannot study or use magical devices.
You are hated by all.
You are somewhat unskilled. (-1 Apt)


Message History

Casting: Blink (mildly dangerous; 52% risk of failure)
Confirm with . or Enter, or press ? or * to list all spells.
You don't know that spell.
Okay, then.
Okay, then.
The merfolk impaler hits you from afar with a +4 vampiric trident!
* * * LOW HITPOINT WARNING * * *
Heh's ghost hits you!!
* * * LOW HITPOINT WARNING * * *
You focus your inner power and blind Heh's ghost in retribution!
The alligator snapping turtle bites you but does no damage.
You block the merfolk impaler's attack.
A red film seems to cover your vision as you go berserk!
You feel yourself moving faster!
You feel mighty! You block the water elemental's attack.
The merfolk hits you but does no damage.
The merfolk impaler hits you from afar with a +4 vampiric trident!
* * * LOW HITPOINT WARNING * * *
You catch the helpless Heh's ghost completely off-guard!
You slice Heh's ghost!!
Heh's ghost is severely damaged.
You slash the water elemental!
You slice the alligator snapping turtle!!
You block the alligator snapping turtle's attack.
You block Heh's ghost's attack. The water elemental hits you!
* * * LOW HITPOINT WARNING * * *
The water elemental engulfs you in water!
The merfolk impaler hits you from afar with a +4 vampiric trident.
* * * LOW HITPOINT WARNING * * *
You hit Heh's ghost but do no damage. Your headbutt misses Heh's ghost.
Heh's ghost is severely damaged.
You barely miss the water elemental. You hit the alligator snapping turtle.
* * * LOW HITPOINT WARNING * * *
Your lungs strain for air!
You block the merfolk's attack.
You miss Heh's ghost.
Heh's ghost is severely damaged.
You barely miss the water elemental. You slash the water elemental!
You hit the alligator snapping turtle but do no damage.
You die...

≈≈≈≈≈≈≈≈≈≈≈≈≈###...###≈≈≈≈≈≈≈≈..≈
≈≈≈≈≈≈≈≈≈≈≈≈##.......#≈≈≈>.≈≈≈..≈
≈≈≈≈≈≈≈≈≈≈≈≈#..#.#...#≈^≈.....≈≈≈
≈≈≈≈≈≈≈≈≈≈≈≈#..#.#...#≈≈......≈≈≈
≈≈≈≈≈≈≈≈≈≈≈.##$....#.##.......≈≈≈
≈≈≈≈≈≈≈≈≈≈/..#|†#≈..#.#.......≈≈≈
≈≈≈≈≈≈≈≈≈≈≈≈©#=[≈©#...#.......≈≈≈
.≈≈≈≈≈≈≈≈≈≈≈≈#!#EE...##.......≈≈≈
.≈≈≈≈≈≈≈≈≈≈≈##)#@Wm#.#©......≈≈≈≈
..≈≈≈≈≈≈≈≈≈≈# .#t##..##.≈≈≈≈≈≈≈≈≈
<.))≈≈≈≈≈[≈≈#.#.mE#...#.≈≈≈≈≈≈≈≈≈
≈.≈)≈≈≈≈≈≈..##..#m..!##.≈≈≈≈≈≈≈≈≈
≈≈≈≈≈≈≈≈.....#...©..##..≈≈≈≈≈≈≈≈≈
≈≈≈≈≈≈≈....P.##.#####[...≈≈≈≈≈≈≈≈
≈≈≈≈≈≈≈≈....)≈###≈≈.......≈≈≈≈≈≈≈
≈≈≈≈≈≈≈>...≈≈≈≈≈≈≈≈.......≈≈≈≈≈≈≈
≈≈≈≈≈≈≈)≈≈≈≈≈≈P≈≈≈≈..####.≈≈≈≈≈≈≈


You could see an alligator snapping turtle, a merfolk impaler (summoned), 2
merfolk, 3 water elementals and Heh's ghost (blind, slow).

Vanquished Creatures
  Saint Roka (Orc:2)
  Nikola (Snake:2)
  A kraken (Shoals:3)
  A sphinx (D:11)
  Frances (D:12)
  Gastronok (Lair:2)
  3 nagarajas (Snake:2)
  A deep elf sorcerer (Abyss:2)
  A dire elephant (Lair:6)
  A red draconian (Volcano)
  A deep elf annihilator (D:11)
  2 ettins
  4 merfolk impalers
  An ice dragon (D:15)
  Josephine (Orc:2)
  A fire dragon (D:15)
  A rakshasa (Abyss:2)
  14 hydras
  A quicksilver dragon skeleton (Abyss:2)
  4 naga warriors
  2 merfolk avatars
  5 centaur warriors
  An ogre mage (D:13)
  6 anacondas
  2 satyrs (Shoals:3)
  A death yak (Lair:6)
  2 tengu warriors
  7 two-headed ogres
  A thrashing horror (Abyss:2)
  3 naga sharpshooters
  A soul eater (Abyss:2)
  Sonja (Lair:3)
  An orc high priest (Orc:2)
  3 skeletal warriors (D:13)
  10 shock serpents
  A sixfirhy (Lair:6)
  8 sea snakes
  A spatial maelstrom (Abyss:2)
  3 unseen horrors
  4 wizards
  4 naga ritualists
  2 deep elf pyromancers
  3 mana vipers
  A phantasmal warrior (D:11)
  12 harpies
  A lindwurm (Lair:4)
  7 ugly things
  20 elephants
  A will-o-the-wisp (Abyss:2)
  9 fauns
  A moth of wrath (Shoals:2)
  3 cyclopes
  14 manticores
  7 salamanders
  A torpor snail (Lair:6)
  6 water nymphs
  16 black mambas
  A guardian serpent (Lair:4)
  5 merfolk sirens
  2 orange demons (Lair:6)
  6 naga magi
  2 molten gargoyles (Volcano)
  4 smoke demons
  3 gargoyles
  16 cane toads
  9 rime drakes
  2 kobold demonologists
  10 komodo dragons
  A yaktaur (Volcano)
  An ancient zyme (Abyss:2)
  2 ice devils (Lair:6)
  15 merfolk
  2 red devils (Lair:6)
  2 polar bears
  3 raiju (Abyss:2)
  10 trolls
  23 blink frogs
  4 wind drakes
  2 hornets
  3 slime creatures (D:12)
  9 snapping turtles
  A shadow (D:11)
  8 wyverns
  A wyvern (shapeshifter) (Abyss:2)
  2 fire bats (Volcano)
  A vampire (D:12)
  A ynoxinul (Abyss:2)
  A small abomination (Abyss:2)
  8 vampire mosquitoes
  6 water elementals
  51 yaks
  10 wraiths
  A neqoxec (Abyss:2)
  13 basilisks
  3 spatial vortices (Abyss:2)
  A soldier ant (D:10)
  Edmund (D:6)
  13 nagas
  3 wargs
  3 acid dragons
  A large abomination (Abyss:2)
  5 hell hounds
  Duvessa (D:7)
  22 water moccasins
  3 sky beasts
  4 ice beasts
  2 black bears
  A hornet zombie (D:9)
  2 necrophages
  30 orc warriors
  An eye of draining (D:10)
  16 ogres
  18 centaurs
  17 wolves
  4 phantoms
  9 kobold brigands
  30 bullfrogs
  A wyvern zombie (D:11)
  3 troll zombies (D:11)
  Dowan (D:7)
  4 scorpions
  16 wights
  5 electric eels
  4 howler monkeys
  A bullfrog zombie (D:10)
  7 centaur zombies
  6 lava snakes (Volcano)
  A quasit (D:11)
  3 jellies
  A gnoll shaman (D:9)
  22 orc priests
  11 hounds
  3 bullfrog skeletons
  6 centaur skeletons
  An iron imp (Abyss:2)
  2 iguanas
  32 orc wizards
  Ijyb (D:3)
  12 hell rats (Lair:4)
  13 worker ants
  5 ogre zombies (D:11)
  A hound zombie (D:10)
  A hound skeleton (D:9)
  Robin (D:2)
  A howler monkey skeleton (D:5)
  A worker ant zombie (D:7)
  12 gnolls
  14 adders
  A river rat (D:4)
  5 shadow imps
  4 white imps
  3 ufetubi
  2 oozes
  An adder zombie (D:9)
  2 worms (D:2)
  5 leopard geckos
  119 orcs
  4 ball pythons
  9 giant cockroaches
  5 goblins
  9 hobgoblins
  8 jackals
  27 kobolds
  6 quokkas
  10 bats
  2 frilled lizards
  A goblin skeleton (D:11)
  A goblin zombie (D:11)
  2 hobgoblin skeletons (D:11)
  2 hobgoblin zombies (D:11)
  An orc skeleton (D:11)
  18 orc zombies (D:11)
  10 rats
  3 tentacles (Shoals:3)
1096 creatures vanquished.

Vanquished Creatures (others)
  2 hydras
  A two-headed ogre (D:12)
  An orc knight (D:13)
  2 harpies (Shoals:2)
  A faun (Shoals:3)
  An elephant (Lair:6)
  A black mamba (Snake:3)
  A kobold demonologist (D:12)
  A komodo dragon (Lair:1)
  A blink frog (Lair:6)
  A slime creature (D:12)
  A yak (D:13)
  A spatial vortex (Abyss:2)
  A wolf (Lair:4)
  3 centaurs
  A kobold brigand (D:12)
  An orc priest (D:12)
  2 orc wizards
  5 orcs
  A quokka (D:12)
  4 kobolds
  68 fungi
  122 plants
  29 tentacles (Shoals:3)
  5 toadstools (D:3)
257 creatures vanquished.

Grand Total: 1353 creatures vanquished

Notes
Turn   | Place    | Note
-------+----------+-------------------------------------------
     0 | D:1      | dolemite99 the Minotaur Fighter began the quest for the
                  | Orb.
     0 | D:1      | Reached XP level 1. HP: 19/19 MP: 0/0
    44 | D:1      | Reached XP level 2. HP: 16/26 MP: 1/1
   412 | D:1      | Reached XP level 3. HP: 31/31 MP: 2/2
   676 | D:2      | Found a faded altar of an unknown god.
   678 | D:2      | Became a worshipper of Ru the Awakened
   685 | D:2      | Noticed Robin
   699 | D:2      | Killed Robin
   749 | D:2      | Gained mutation: You cannot read scrolls while threatened.
                  | [Ru sacrifice]
   749 | D:2      | Reached * piety under Ru
   823 | D:2      | Reached skill level 5 in Axes
  1098 | D:2      | Reached XP level 4. HP: 39/39 MP: 3/3
  1570 | D:2      | Found a shimmering blue altar of Sif Muna.
  1773 | D:3      | Noticed Ijyb
  2170 | D:3      | Killed Ijyb
  2171 | D:3      | Reached XP level 5. HP: 41/45 MP: 4/4
  2220 | D:3      | HP: 2/45 [gnoll/+2 whip of electrocution (4)]
  2621 | D:3      | Reached skill level 1 in Maces & Flails
  2995 | D:3      | Reached XP level 6. HP: 35/51 MP: 5/5
  3408 | D:3      | Found a broken altar of Ashenzari.
  3642 | D:4      | Got a spiked helmet
  3828 | D:4      | Reached skill level 5 in Maces & Flails
  4103 | D:4      | Gained mutation: You cannot study or use magical devices.
                  | [Ru sacrifice]
  4103 | D:4      | Reached ** piety under Ru
  4103 | D:4      | Reached *** piety under Ru
  4252 | D:4      | Reached XP level 7. HP: 54/57 MP: 6/6
  4935 | D:5      | Entered Level 5 of the Dungeon
  4935 | D:5      | Found an ancient bone altar of Kikubaaqudgha.
  5870 | D:5      | Found Oweud's Antique Weapon Shoppe.
  6171 | D:6      | Noticed Edmund
  6186 | D:6      | Reached XP level 8. HP: 64/64 MP: 7/7
  6203 | D:6      | Killed Edmund
  6550 | D:6      | Reached skill level 10 in Maces & Flails
  6671 | D:6      | Got an iridescent shortbow
  6685 | D:6      | Gained mutation: You are somewhat unskilled. (-1 Apt) [Ru
                  | sacrifice]
  6685 | D:6      | Reached **** piety under Ru
  6685 | D:6      | Reached ***** piety under Ru
  7156 | D:7      | Noticed Dowan
  7171 | D:7      | Reached skill level 10 in Maces & Flails
  7206 | D:7      | Killed Dowan
  7482 | D:7      | Found a staircase to the Ecumenical Temple.
  7558 | D:7      | Reached XP level 9. HP: 62/70 MP: 8/8
  7797 | D:7      | Found a shadowy altar of Dithmenos.
  8196 | D:7      | Noticed Duvessa
  8208 | D:7      | Killed Duvessa
  8244 | D:7      | Reached skill level 5 in Fighting
  8751 | D:8      | Noticed a two-headed ogre
  8761 | D:8      | Killed a two-headed ogre
  8762 | D:8      | Reached skill level 5 in Armour
  9345 | D:8      | Gained mutation: You cannot be stealthy. [Ru sacrifice]
  9634 | D:9      | Noticed a troll
  9635 | D:9      | Identified the cursed +1 shortbow "Hoschof" {freeze, rF+
                  | Dex+3} (You found it on level 6 of the Dungeon)
  9647 | D:8      | Killed a troll
  9648 | D:8      | Reached XP level 10. HP: 75/88 MP: 9/9
 10543 | D:9      | Found Nolafal's Weapon Boutique.
 10551 | D:9      | Bought a +2 broad axe of pain for 352 gold pieces
 10551 | D:9      | Bought a +0 falchion for 48 gold pieces
 10601 | D:10     | Entered Level 10 of the Dungeon
 10897 | D:10     | Gained mutation: You are hated by all. [Ru sacrifice]
 10897 | D:10     | Reached ****** piety under Ru
 11467 | D:10     | Reached skill level 5 in Shields
 11556 | D:10     | Found a runed translucent door.
 11558 | D:10     | Found a runed translucent door.
 11878 | D:10     | Found a staircase to the Lair.
 12250 | Lair:1   | Entered Level 1 of the Lair of Beasts
 12250 | Lair:1   | Noticed a seven-headed hydra
 12261 | Lair:1   | Killed a seven-headed hydra
 12262 | Lair:1   | Reached XP level 11. HP: 48/95 MP: 3/10
 12390 | Lair:1   | Noticed a six-headed hydra
 12407 | Lair:1   | Killed a six-headed hydra
 13034 | Lair:1   | Reached skill level 10 in Axes
 14611 | Lair:2   | Found a dark tunnel.
 14616 | Volcano  | Entered a volcano
 15146 | Volcano  | Found a radiant altar of Vehumet.
 15146 | Volcano  | Noticed a centaur warrior
 15162 | Volcano  | Killed a centaur warrior
 15450 | Volcano  | Noticed a red draconian
 15465 | Volcano  | Killed a red draconian
 15797 | Volcano  | Reached XP level 12. HP: 95/103 MP: 4/11
 16494 | Lair:2   | Noticed Gastronok
 16514 | Lair:2   | Killed Gastronok
 17316 | Lair:3   | Noticed Sonja
 17323 | Lair:3   | Killed Sonja
 17697 | Lair:3   | Reached skill level 15 in Axes
 17954 | Lair:3   | Got a jewelled scale mail
 19102 | Lair:4   | Noticed an eight-headed hydra
 19121 | Lair:4   | Killed an eight-headed hydra
 19122 | Lair:4   | Reached XP level 13. HP: 95/108 MP: 9/12
 19269 | Lair:4   | HP: 2/111 [komodo dragon (13)]
 19279 | Lair:4   | Paralysed by a hornet for 1 turns
 19851 | Lair:4   | Reached skill level 10 in Fighting
 20056 | Lair:4   | Found a staircase to the Snake Pit.
 20351 | Lair:4   | Found a staircase to the Shoals.
 20378 | Lair:4   | Reached skill level 10 in Armour
 21748 | Lair:5   | Identified the +3 scale mail of the Echidna {rElec rF+ rC++
                  | Str-5} (You found it on level 3 of the Lair of Beasts)
 21786 | Lair:6   | Entered Level 6 of the Lair of Beasts
 22195 | Lair:6   | Reached XP level 14. HP: 125/125 MP: 13/13
 22245 | Lair:6   | Reached skill level 1 in Throwing
 22683 | Lair:6   | Reached skill level 5 in Throwing
 23484 | Lair:6   | Found a burning altar of Makhleb.
 23490 | Lair:6   | Found a gateway to Hell.
 23531 | Lair:6   | Got a polished eveningstar
 23941 | Lair:6   | Identified the +4 eveningstar of Departure {vorpal, SInv}
                  | (You found it on level 6 of the Lair of Beasts)
 24022 | Lair:6   | Found a viscous altar of Jiyva.
 24023 | Lair:6   | Found a staircase to the Slime Pits.
 24780 | D:11     | Found a staircase to the Orcish Mines.
 25060 | D:11     | Got a scorched broad axe
 25506 | D:11     | Noticed a sphinx
 25510 | D:11     | Killed a sphinx
 26268 | D:12     | Found a shimmering altar of Xom.
 26552 | D:12     | Reached skill level 10 in Throwing
 26570 | D:12     | Noticed Frances
 26590 | D:12     | Killed Frances
 26591 | D:12     | Reached XP level 15. HP: 54/120 MP: 0/14
 27133 | D:12     | Identified a scroll of acquirement
 27133 | D:12     | Acquired a manual of Fighting
 27514 | Orc:1    | Entered Level 1 of the Orcish Mines
 27668 | Orc:2    | Entered Level 2 of the Orcish Mines
 28020 | Orc:2    | Noticed Saint Roka
 28037 | Orc:2    | Killed Saint Roka
 28219 | Orc:2    | Noticed Josephine
 28227 | Orc:2    | Killed Josephine
 28228 | Orc:2    | Reached skill level 15 in Fighting
 28613 | Orc:2    | Found a roughly hewn altar of Beogh.
 28616 | Orc:2    | Found Noestry's Weapon Emporium.
 28838 | Orc:2    | Found a staircase to the Elven Halls.
 29269 | Orc:2    | Found a roughly hewn altar of Beogh.
 29275 | Orc:2    | Found Zoigy's Magic Scroll Shoppe.
 29281 | Orc:2    | Bought 2 scrolls of blinking for 240 gold pieces
 29281 | Orc:2    | Bought a scroll of fear for 56 gold pieces
 29281 | Orc:2    | Bought a scroll of holy word for 120 gold pieces
 29396 | Orc:2    | Found Exkafuis's Antique Armour Emporium.
 29454 | Orc:2    | Found Fauritat's Antique Weapon Shoppe.
 29455 | Orc:2    | Found a roughly hewn altar of Beogh.
 29471 | Orc:2    | Bought a pair of brightly glowing boots for 380 gold pieces
 29486 | Orc:2    | Identified the cursed +0 pair of boots of Courage {+Blink
                  | Dex+3} (You bought it in a shop on level 2 of the Orcish
                  | Mines)
 30171 | D:13     | Identified the +9 broad axe "Iziunu Nut" {holy, *Rage rN++}
                  | (You found it on level 11 of the Dungeon)
 30179 | D:13     | Got a pair of brightly glowing boots
 30210 | D:13     | Identified the +0 pair of boots "Gettaehi" {-Cast rN+
                  | Regen+} (You found it on level 13 of the Dungeon)
 30745 | D:13     | Found a gate to the Vaults.
 31866 | D:14     | Found a sacrificial altar of Ru.
 31868 | D:14     | You fall into a shaft and drop 1 floor!
 31868 | D:15     | Entered Level 15 of the Dungeon
 31868 | D:15     | Found a staircase to the Depths.
 32200 | D:15     | Reached XP level 16. HP: 132/140 MP: 6/15
 32430 | D:15     | Cast into level 2 of the Abyss (a wizard)
 32434 | Abyss:2  | Found a corrupted altar of Lugonu.
 32528 | Abyss:2  | Found a corrupted altar of Lugonu.
 32837 | Abyss:2  | Reached skill level 15 in Armour
 32839 | D:15     | Escaped the Abyss
 32893 | D:15     | Got a pair of slimy gloves
 32903 | D:15     | Identified the cursed +0 pair of gloves of Holliteo {Int+5}
                  | (You found it on level 15 of the Dungeon)
 33127 | D:15     | Found Fudimm's Armour Shoppe.
 33582 | Snake:1  | Entered Level 1 of the Snake Pit
 33760 | D:5      | Upgraded the game from 0.27-a0-291-gd9602db6ee to
                  | 0.27-a0-323-gbd089401bb
 33763 | D:5      | Learned a level 2 spell: Blink
 34570 | Snake:1  | Found a blossoming altar of Fedhas.
 35472 | Snake:2  | Reached skill level 10 in Shields
 35638 | Snake:2  | Noticed Nikola
 35661 | Snake:2  | Killed Nikola
 37221 | Snake:2  | Found a shimmering altar of Xom.
 37440 | Snake:3  | Found a snail-covered altar of Cheibriados.
 37462 | Snake:3  | Reached XP level 17. HP: 125/152 MP: 10/16
 37664 | Shoals:1 | Entered Level 1 of the Shoals
 37755 | Shoals:1 | Found Doptipuf's General Store.
 38570 | Shoals:2 | Found a transporter.
 39164 | Shoals:2 | Found a transporter.
 39198 | Shoals:2 | Noticed Heh's ghost (adept DsGl)
 39447 | Shoals:3 | Reached skill level 1 in Translocations
 40453 | Shoals:3 | Noticed a kraken
 40776 | Shoals:3 | Found a sparkling altar of Nemelex Xobeh.
 40779 | Shoals:3 | Noticed a kraken
 41011 | Shoals:3 | Killed a kraken
 41623 | Shoals:2 | HP: 9/219 [water elemental[Heh's ghost] (13)]
 41623 | Shoals:2 | HP: 4/219 [merfolk impaler/+4 vampiric trident[Heh's ghost]
                  | (5)]
 41625 | Shoals:2 | Drowned by a water elemental

Illustrated notes

Levels and vault maps discovered:
D:1:      minmay_arrival_plants_in_alcoves, layout_rooms
D:2:      layout_loops_ring, chequers_ecumenical_altar_twisty,
          minmay_misc_feat_chi, led_sif_pool, uniq_robin
D:3:      minmay_diamond_boxcup, layout_rooms, lemuel_doored_altar,
          minmay_gold_behind_fungi, kennysheep_decorative_pillar, uniq_ijyb
D:4:      layout_basic, portal_sewer_entry_e
D:5:      layout_rooms, basic_altar, serial_shops, shop,
          kennysheep_generic_room_11
D:6:      layout_loops_corners, serial_glass, glass_columns_a, glass_columns_b,
          grunt_ministairs_6, uniq_edmund
D:7:      layout_basic, minmay_temple_entry_glass,
          nicolae_dithmenos_shadow_blocks, uniq_duvessa
D:8:      layout_basic
D:9:      layout_cave_pools, serial_shops, shop
D:10:     lemuel_insect_pit, layout_irregular_city, due_lair_maze_entry_diamond
D:11:     minmay_sliced_demisemicircle, layout_cave_pools, zombieorc2_lemuel
D:12:     layout_basic, xom_confusion_cloud, uniq_frances
D:13:     layout_loops_ring, hangedman_vaults_entry_quadrant_bands
D:14:     layout_basic, minmay_misc_feat_alley, nicolae_ru_awakened_eye
D:15:     grunt_enter_depths_hoard, layout_loops_ring, serial_shops,
          nicolae_shop_trees
Lair:1:   cheibrodos_lair_river_kwai, layout_gridlike,
          chequers_serial_rivers_micro_b, serial_bayou_pond_a,
          serial_bayou_pond_e, serial_bayou_crossing, lemuel_fruit_fields
Lair:2:   layout_regular_city, enter_volcano_4, serial_bayou_ford_a,
          grunt_megastairs_4, serial_bayou_shore_b, uniq_gastronok
Lair:3:   layout_regular_city, grunt_megastairs_3, uniq_sonja
Lair:4:   layout_roguey [special_room_mythical_zoo], elwin_shoals_entry_rooms,
          minmay_snake_entry_spellcaster
Lair:5:   statuecave_lemuel, layout_small_grid, grunt_megastairs_1
Lair:6:   evil_forest, layout_regular_city, slime_altar_1
Shoals:1: layout_shoals, serial_shops, shop_fountains
Shoals:2: layout_shoals, gammafunk_ghost_berserking_beasts
Shoals:3: layout_shoals, wheals_shoals_ruined_temple
Snake:1:  layout_layer_cave, basic_altar, eino_curves_04
Snake:2:  layout_misc_corridors, basic_altar, hangedman_corner_corridor,
          uniq_nikola
Snake:3:  layout_cave_shapes, basic_altar
Orc:1:    layout_diamond_mine
Orc:2:    grunt_orc_community_town_hall, layout_diamond_mine,
          grunt_orc_community_big_house_1, grunt_orc_community_big_house_2,
          grunt_orc_community_house_3, grunt_orc_community_house_1,
          grunt_orc_community_house_2, grunt_orc_community_house_3,
          uniq_josephine

Skill      XL: |  1  2  3  4  5  6  7  8  9 10 11 12 13 14 15 16 17 |
---------------+----------------------------------------------------+-----
Axes           | 3 4 5 6 7 6 9 12 16 | 16.9
Maces & Flails | 2 5 8 11 | 11.2
Fighting       | 7 8 11 16 | 16.8
Armour         | 6 7 8 11 13 15 | 15.3
Shields        | 7 8 13 14 | 14.8
Throwing       | 10 | 10.3
Translocations | 4 |  4.3

Action                   |  1- 3 |  4- 6 |  7- 9 | 10-12 | 13-15 | 16-18 || total
-------------------------+-------+-------+-------+-------+-------+-------++-------
Melee: War axe           |    74 |    55 |       |       |       |       ||   129
       Headbutt          |    13 |    22 |    86 |   142 |   248 |   138 ||   649
       Whip              |       |   105 |   397 |   368 |    98 |       ||   968
       Broad axe         |       |       |       |   301 |   985 |   584 ||  1870
       Eveningstar       |       |       |       |       |    11 |       ||    11
       Staff             |       |       |       |       |       |     7 ||     7
Throw: Stone             |     4 |    42 |    57 |    83 |     5 |       ||   191
       Dart              |       |       |       |    20 |    91 |    18 ||   129
       Boomerang         |       |       |       |       |   210 |   165 ||   375
       Javelin           |       |       |       |       |    22 |    19 ||    41
Invok: Sacrifice Words   |     1 |       |       |       |       |       ||     1
       Sacrifice Artific |       |     1 |       |       |       |       ||     1
       Sacrifice Skill   |       |       |     1 |       |       |       ||     1
       Power Leap        |       |       |     1 |     9 |     3 |     6 ||    19
       Sacrifice Stealth |       |       |     1 |       |       |       ||     1
       Sacrifice Love    |       |       |       |     1 |       |       ||     1
       Apocalypse        |       |       |       |       |     6 |     7 ||    13
       Draw Out Power    |       |       |       |       |     1 |       ||     1
  Use: Potion            |       |     2 |     2 |     2 |     8 |     5 ||    19
       Scroll            |       |       |     5 |    15 |    22 |    11 ||    53
 Stab: Distracted        |       |       |     2 |     2 |     3 |     5 ||    12
       Paralysed         |       |       |       |     2 |     7 |    10 ||    19
       Invisible         |       |       |       |    11 |    15 |     5 ||    31
Armor: Scale mail        |    29 |    36 |       |       |       |       ||    65
       Chain mail        |       |    29 |   107 |       |       |       ||   136
       Plate armour      |       |       |    23 |   273 |   581 |   278 ||  1155
Dodge: Dodged            |    21 |    40 |    56 |    93 |   198 |   101 ||   509
Block: Kite shield       |    45 |    84 |   131 |   294 |   467 |   402 ||  1423
       Reflection        |       |       |       |       |       |    26 ||    26

Table legend: (Time is in decaauts)
 A = Elapsed time spent in this place.
 B = Non-inter-level travel time spent in this place.
 C = Inter-level travel time spent in this place.
 D = Time resting spent in this place.
 E = Time spent auto-exploring this place.
 F = Levels seen in this place.
 G = Mean time per level.
                   A        B        C        D        E       F      G
               +--------+--------+--------+--------+--------+-----+--------+
         Total |  41635 |  39835 |   1800 |  12967 |  17804 |  31 | 1343.1 |
       Dungeon |  18668 |  17769 |    899 |   5027 |   8578 |  15 | 1244.5 |
          Lair |  11278 |  10709 |    569 |   3580 |   5197 |   6 | 1879.7 |
        Shoals |   4138 |   4047 |     91 |   1372 |   1650 |   3 | 1379.3 |
     Snake Pit |   3613 |   3472 |    141 |   1584 |   1368 |   3 | 1204.3 |
  Orcish Mines |   2235 |   2137 |     98 |    482 |    927 |   2 | 1117.5 |
         Abyss |    398 |    398 |      0 |     48 |      2 |   1 |  398.0 |
       Volcano |   1302 |   1302 |      0 |    872 |     81 |   1 | 1302.0 |
               +--------+--------+--------+--------+--------+-----+--------+

Top non-repeatable levels by time:
  Lair:6: 2621 daAuts
  Lair:1: 2438 daAuts
Shoals:3: 2107 daAuts
  Lair:3: 1929 daAuts
 Snake:2: 1927 daAuts
     D:4: 1774 daAuts
    D:12: 1727 daAuts
   Orc:2: 1686 daAuts
    D:10: 1663 daAuts
     D:2: 1659 daAuts
  Lair:4: 1653 daAuts
 Snake:1: 1636 daAuts
     D:7: 1502 daAuts
    D:13: 1430 daAuts
  Lair:2: 1356 daAuts
